 Dungeon Crawl Stone Soup version 0.18.1-48-g4cf74bf (webtiles) character file.

11 MTVSty1e the Digger (level 2, 0/22 HPs)
             Began as a Formicid Earth Elementalist on July 30, 2016.
             Slain by a goblin
             ... wielding a +0 club
              (4 damage)
             ... on level 1 of the Dungeon.
             The game lasted 00:02:31 (568 turns).

MTVSty1e the Digger (Formicid Earth Elementalist)    Turns: 568, Time: 00:02:34

Health: 0/22       AC:  3    Str: 12    XL:     2   Next: 35%
Magic:  14/14      EV: 12    Int: 14    God:
Gold:   101        SH:  0    Dex: 11    Spells: 1 memorised, 4 levels left

rFire  . . .     SeeInvis +     (no weapon)
rCold  . . .     Gourm    .     a - +0 robe
rNeg   . . .     Faith    .     (no shield)
rPois  .         Spirit   .     (helmet unavailable)
rElec  .         Dismiss  .     l - +0 cloak
rCorr  .         Reflect  .     (no gloves)
SustAt .         Harm     .     (no boots)
MR     .....                    (no amulet)
Stlth  ++........               (no ring)
                                j - ring of magical power

@: not resistant to hostile enchantments, unstealthy
A: permanent stasis, dig shafts and tunnels, four strong arms, antennae 3
a: Dig, Shaft Self


You were on level 1 of the Dungeon.
You were not hungry.

You visited 1 branch of the dungeon, and saw 1 of its levels.

You collected 101 gold pieces.

Inventory:

Missiles
 b - 23 stones (quivered)
Armour
 a - a +0 robe (worn)
 l - a +0 cloak (worn)
Jewellery
 j - a ring of magical power (left hand)
Scrolls
 f - 2 scrolls of magic mapping {unknown}
 g - 2 scrolls of identify {unknown}
 h - a scroll of teleportation {unknown}
 i - a scroll of remove curse {unknown}
 k - a scroll of enchant armour {unknown}
Potions
 e - a potion of flight {unknown}
Books
 c - a book of Geomancy

   Spells                             Type                      Level
   a - Sandblast                      Earth                        1
   b - Passwall                       Transmutation/Earth          2
   c - Stone Arrow                    Conjuration/Earth            3
   d - Petrify                        Transmutation/Earth          4
   e - Lee's Rapid Deconstruction     Earth                        5
Comestibles
 d - a bread ration
 m - a meat ration


   Skills:
 * Level 2.0 Fighting
 - Level 1.7 Dodging
 - Level 2.4 Stealth
 - Level 2.1 Spellcasting
   Level 1.1 Transmutations
 - Level 3.6 Earth Magic


You had 4 spell levels left.
You knew the following spells:

 Your Spells              Type           Power        Failure   Level  Hunger
a - Sandblast             Erth           ##....       6%          1    #......


Dungeon Overview and Level Annotations

Branches:
Dungeon (1/15)

Altars:


Innate Abilities, Weirdness & Mutations

You are under a permanent stasis effect.
You can dig through walls and to a lower floor.
Your four strong arms can wield two-handed weapons with a shield.
You have a pair of large antennae on your head (SInv).


Message History

You kill the giant newt!
You now have 101 gold pieces (gained 15).
Found a spear.
A goblin comes into view. It is wielding a club.
Found a stone staircase leading down.
The goblin shouts!
The goblin hits you with a club. The goblin hits you with a club.
A dart slug comes into view.
You hit the goblin but do no damage. The goblin hits you with a club.
You hit the goblin.
The goblin is heavily wounded.
The goblin closely misses you.
You miss the goblin.
The goblin is moderately wounded.
The dart slug launches a dart at you. The slug dart hits you!
* * * LOW HITPOINT WARNING * * *
The goblin hits you with a club.
You die...

#############.#.#..#.#
#......#......#.#..#.#
#.............#.#..#.#
#######..####.#.####.#
..............#......#
######.#################
........................
###..#.#########.###....
#..#.# #.g@# # #..#.#
#.#...w...# ###..#.#
...#####.#.# ........
..>. ###.)#.# #....
#..#.# #.## #.


You could see a dart slug and a goblin.

Vanquished Creatures
  A goblin (D:1)
  3 hobgoblins (D:1)
  2 bats (D:1)
  2 giant newts (D:1)
  2 kobolds (D:1)
10 creatures vanquished.

Notes
Turn   | Place    | Note
--------------------------------------------------------------
     0 | D:1      | MTVSty1e the Formicid Earth Elementalist began the quest for the Orb.
     0 | D:1      | Reached XP level 1. HP: 13/13 MP: 3/3
   162 | D:1      | Reached skill level 1 in Fighting
   190 | D:1      | Reached XP level 2. HP: 21/22 MP: 0/5
   568 | D:1      | Slain by a goblin

Skill      XL: |  1  2 |
---------------+-------+-----
Fighting       | 1 2 |  2.0
Dodging        | |  1.7
Stealth        | |  2.4
Spellcasting   | |  2.1
Transmutations | |  1.1
Earth Magic    | |  3.6

Action                   || total
-------------------------++-------
Melee: Unarmed           ||    46
 Cast: Sandblast         ||    10
  Use: Potion            ||     1
 Stab: Sleeping          ||     1
Armor: Robe              ||     5
Dodge: Dodged            ||    30
